AoeStats
← ROYAL PIGGY

Arena

507980655Analyzed
4v4 RM · 13d ago on Sep 20, 2026· 50m 24s· 8 players
Game mode
Random Map
Map size
Large (8 player)
Population
200
Speed
Normal
Resources
Standard
Victory
Conquest
Starting age
Dark Age
Ending age
Imperial Age
RankedLock teamsTeams togetherTeam positionsShared explorationLock speedFull tech treeHidden civsTurbo modeCheats
Victory
Defeat
🇨🇳 Franks · China
1449
+12
🇨🇳 Slavs · China
1383
+14
🇨🇳 Khmer · China
1324
+17
🇨🇳 Britons · China
1316
+17
🇨🇳 Mongols · China
1408
-18
🇭🇰 Khmer · Hong Kong SAR China
1343
-15
🇩🇪 Dravidians · Germany
1333
-14
🇫🇷 Britons · France
1297
-13
Basti8712
10:34 Feudal Age
14:39 Castle Age
12:28 Double-Bit Axe
13:01 Horse Collar
22:48 Wheelbarrow
23:54 Hand Cart
23:25 Loom
24:28 Fletching
24:38 Padded Archer Armor
28:06 Imperial Age
25:36 Bodkin Arrow
25:58 Heavy Plow
26:09 Bow Saw
26:54 Leather Archer Armor
28:51 Ballistics
28:17 Elite Elephant Archer
29:07 Thumb Ring
29:04 Bracer
30:16 Chemistry
29:50 Ring Archer Armor
30:18 Husbandry
36:08 Medical Corps
38:50 Masonry
39:15 Coinage
41:21 Banking
45:18 Conscription
XSTRATA
11:05 Feudal Age
14:54 Castle Age
13:19 Double-Bit Axe
17:59 Bow Saw
19:31 Wheelbarrow
20:08 Horse Collar
25:58 Gold Mining
28:46 Imperial Age
26:04 Loom
26:36 Hand Cart
26:07 Town Watch
27:04 Scale Mail Armor
27:12 Squires
26:33 Pikeman
27:00 Arson
27:28 Forging
28:23 Chain Mail Armor
29:38 Iron Casting
28:52 Halberdier
29:56 Conscription
30:42 Plate Mail Armor
31:15 Two-Man Saw
31:19 Fletching
31:29 Padded Archer Armor
31:36 Crossbowman
32:14 Arbalester
33:34 Bodkin Arrow
33:55 Leather Archer Armor
36:24 Bracer
36:40 Leather Archer Armor
44:08 Ballistics
44:49 Chemistry
45:06 Ring Archer Armor
牛比无极限
9:14 Feudal Age
14:15 Castle Age
13:01 Double-Bit Axe
14:24 Horse Collar
15:13 Loom
20:55 Wheelbarrow
20:43 Bloodlines
20:34 Fletching
21:12 Bodkin Arrow
25:15 Padded Archer Armor
26:45 Ballistics
29:02 Hand Cart
37:26 Imperial Age
35:29 Bow Saw
35:24 Heavy Plow
38:21 Onager
40:30 Conscription
41:25 Siege Onager
43:02 Drill
42:43 Nomads
42:17 Capped Ram
44:10 Siege Ram
47:45 Gold Mining
48:23 Bracer
48:39 Leather Archer Armor
48:27 Husbandry
48:54 Elite Mangudai
49:16 Light Cavalry
50:06 Scale Barding Armor
50:12 Forging
La.Reina.de.Once
2:38 Loom
11:13 Feudal Age
14:07 Castle Age
12:18 Double-Bit Axe
16:32 Horse Collar
19:40 Bow Saw
20:47 Heavy Plow
27:02 Imperial Age
24:40 Loom
25:30 Wheelbarrow
24:40 Town Watch
26:18 Scale Barding Armor
26:35 Hand Cart
27:28 Bloodlines
27:19 Husbandry
27:51 Stone Mining
27:56 Gold Mining
28:38 Chain Barding Armor
30:08 Plate Barding Armor
30:14 Gold Shaft Mining
30:34 Conscription
30:49 Crop Rotation
31:05 Double Crossbow
32:42 Chemistry
32:02 Ballistics
32:32 Siege Engineers
33:15 Elite Ballista Elephant
34:32 Hoardings
33:57 Fletching
35:44 Stone Shaft Mining
36:11 Bodkin Arrow
35:58 Light Cavalry
36:49 Forging
36:34 Hussar
37:35 Bracer
38:39 Iron Casting
39:53 Masonry
ROYAL PIGGY
12:00 Feudal Age
12:48 Double-Bit Axe
15:56 Castle Age
17:59 Bow Saw
22:31 Wheelbarrow
22:56 Gold Mining
24:19 Hand Cart
24:59 Gold Shaft Mining
24:49 Stone Mining
26:04 Scale Mail Armor
28:39 Imperial Age
26:47 Loom
26:47 Town Watch
27:17 Forging
28:15 Chain Mail Armor
28:35 Iron Casting
28:55 Iron Casting
28:54 Capped Ram
30:11 Plate Mail Armor
30:03 Ballistics
31:16 Chemistry
31:54 Blast Furnace
31:48 Conscription
32:09 #83
31:09 Elite Throwing Axeman
32:59 Fletching
33:09 Elite Throwing Axeman
35:11 Masonry
35:00 Bodkin Arrow
38:29 Architecture
39:59 Squires
39:44 Arson
39:21 Pikeman
wjc980418
11:03 Feudal Age
13:47 Castle Age
12:02 Double-Bit Axe
13:32 Horse Collar
15:26 Bow Saw
15:51 Heavy Plow
20:13 Wheelbarrow
19:36 Stone Mining
24:02 Gold Mining
28:58 Imperial Age
26:46 Hand Cart
27:19 Fortified Wall
26:57 Loom
27:50 Gold Shaft Mining
27:25 Town Watch
29:01 Town Patrol
29:39 Ballistics
30:03 Stone Shaft Mining
29:33 Padded Archer Armor
29:25 Elite Ballista Elephant
30:56 Conscription
31:50 Chemistry
32:19 Scale Barding Armor
32:34 Siege Engineers
32:51 Double Crossbow
33:33 Chain Barding Armor
36:30 Crop Rotation
37:23 Plate Barding Armor
39:40 Fletching
39:54 Elite Skirmisher
40:34 Bodkin Arrow
40:55 Leather Archer Armor
40:41 Scale Mail Armor
41:28 Bracer
45:59 Forging
45:34 Light Cavalry
46:30 Husbandry
46:40 Bloodlines
47:19 Iron Casting
46:52 Hussar
49:15 Blast Furnace
崽仔
11:21 Feudal Age
12:56 Double-Bit Axe
15:24 Castle Age
14:16 Double-Bit Axe
16:28 Loom
18:19 Town Watch
22:17 Gold Mining
23:18 Bow Saw
23:20 Horse Collar
24:19 Heavy Plow
25:49 Fletching
27:21 Bodkin Arrow
30:01 Gold Shaft Mining
30:23 Wheelbarrow
32:56 Hand Cart
34:31 Guard Tower
34:41 Stone Mining
37:26 Imperial Age
35:52 Padded Archer Armor
36:14 Ballistics
36:10 Elite Skirmisher
51:50 Chemistry
Why617
10:23 Feudal Age
14:04 Castle Age
12:18 Double-Bit Axe
12:36 Horse Collar
19:08 Loom
20:34 Loom
21:56 Wheelbarrow
23:08 Bow Saw
24:32 Stone Mining
24:48 Heavy Plow
25:40 Gold Mining
28:25 Imperial Age
25:54 Gold Mining
26:35 Husbandry
27:00 Hand Cart
27:11 Scale Barding Armor
27:58 Gold Shaft Mining
27:58 Forging
28:27 Bloodlines
28:50 Chain Barding Armor
29:50 Iron Casting
29:02 Elite Boyar
30:13 Detinets
30:35 Conscription
32:27 Plate Barding Armor
33:58 Blast Furnace
33:47 Scale Mail Armor
34:06 Onager
35:18 Siege Engineers
35:32 Siege Onager
36:22 Fletching
37:44 Hoardings
41:10 Chain Mail Armor
42:25 Capped Ram
43:26 Siege Ram
44:26 Caravan
44:34 Pikeman
45:14 Squires
46:15 Plate Mail Armor
45:41 Bodkin Arrow
46:22 Halberdier
49:26 Druzhina
49:32 Padded Archer Armor
Connection lost

Rejoining the realm…

Still unreachable

The connection could not be restored.

Session expired

The server has moved on; the page needs a fresh start.